 Dungeon Crawl Stone Soup version 0.23.2-1-ga50397a6bc (webtiles) character file.

Game seed: 11983974737460549567

4466 Gunterle the Geomancer (level 10, -4/69 HPs)
             Began as a Ghoul Earth Elementalist on May 5, 2019.
             Was a Priest of Vehumet.
             Slain by an orc warrior
             ... wielding a +0 short sword
              (13 damage)
             ... on level 7 of the Dungeon.
             The game lasted 00:47:19 (6935 turns).

Gunterle the Geomancer (Ghoul Earth Elementalist)   Turns: 6935, Time: 00:47:19

Health: -4/69      AC:  6    Str: 13      XL:     10   Next: 37%
Magic:  23/26      EV: 12    Int: 13      God:    Vehumet [***...]
Gold:   416        SH:  0    Dex:  7 (9)  Spells: 5/20 levels left

rFire    . . .     SeeInvis .   x - +2 short sword (speed)
rCold    + . .     Gourm    .   (no shield)
rNeg     + + +     Faith    .   c - +0 robe
rPois    ∞         Spirit   .   z - +0 helmet
rElec    .         Reflect  .   J - +2 cloak
rCorr    .         Harm     .   (no gloves)
MR       +....                  (no boots)
Stlth    ++........             (no amulet)
HPRegen  0.00/turn              j - ring of magical power
MPRegen  0.20/turn              t - ring of protection from magic

@: rotting
A: rotting body, claws 1, carnivore, cold resistance 1, negative energy
resistance 3, inhibited regeneration, torment resistance, unbreathing
a: Renounce Religion


You were on level 7 of the Dungeon.
You worshipped Vehumet.
Vehumet was most pleased with you.
You were not hungry.

You visited 2 branches of the dungeon, and saw 9 of its levels.

You collected 416 gold pieces.

Inventory:

Hand Weapons
 h - a +0 spear
 p - a +0 dagger of venom
 x - a +2 short sword of speed (weapon)
 y - a +0 longbow
 B - a +3 dagger
 F - a +2 glaive of venom
 G - a +3 quarterstaff of chaos
 I - a +0 mace of protection
Missiles
 a - 20 bolts
 b - 58 stones
 r - 76 arrows
 v - 7 poisoned needles
 C - 6 tomahawks (quivered)
 M - 26 sling bullets
Armour
 c - a +0 robe (worn)
 w - a +1 leather armour of fire resistance
 z - a +0 helmet (worn)
 J - a +2 cloak (worn)
Jewellery
 j - a ring of magical power (left claw)
 t - a ring of protection from magic (right claw)
 K - a +3 ring of protection
Wands
 L - a wand of polymorph (7)
Scrolls
 e - a scroll of immolation {unknown}
 g - a scroll of enchant armour {unknown}
 i - a scroll of random uselessness
 k - a scroll of fog {unknown}
 l - 2 scrolls of remove curse
 m - 2 scrolls of teleportation
 o - 2 scrolls of amnesia
 u - a scroll of fear {unknown}
 A - a scroll of silence {unknown}
 H - a scroll of torment {unknown}
Potions
 f - a potion of magic
 n - 2 potions of curing
 q - a potion of invisibility
 s - a potion of haste
 D - 3 potions of flight {unknown}
 E - a potion of mutation {unknown}
Comestibles
 d - 22 rations
 N - 4 chunks of flesh


   Skills:
 - Level 1.7 Dodging
 - Level 2.1 Stealth
 + Level 5.8 Spellcasting
 * Level 7.6 Conjurations
 - Level 0.8 Transmutations
 * Level 10.9 Earth Magic


You had 5 spell levels left.
You knew the following spells:

 Your Spells              Type           Power        Failure   Level  Hunger
a - Sandblast             Erth           ####..       1%          1    None
b - Stone Arrow           Conj/Erth      ####..       1%          3    ###....
c - Passwall              Tmut/Erth      ###.....     2%          2    ##.....
d - Lee's Rapid Deconstr  Erth           ####......   1%          5    ######.
e - Petrify               Tmut/Erth      ###.....     16%         4    ####...

Your spell library contained the following spells:

 Spells                   Type           Power        Failure   Level  Hunger
 Static Discharge         Conj/Air       ##......     3%          3    ###....


Dungeon Overview and Level Annotations

Branches:
Dungeon (8/15)             Temple (1/1) D:4
   Lair: D:8-11

Altars:
Ashenzari
Cheibriados
Dithmenos
Elyvilon
Fedhas
Gozag
Hepliaklqana
Kikubaaqudgha
Makhleb
Nemelex Xobeh
Okawaru
Qazlal
Ru
Sif Muna
Trog
Uskayaw
Vehumet
Wu Jian
Xom
Yredelemnul
Zin
The Shining One
Beogh


Innate Abilities, Weirdness & Mutations

Your body is rotting away.
You thrive on raw meat.
You are immune to poison.
You have sharp fingernails.
You are carnivorous and can eat meat at any time.
Your flesh is cold resistant. (rC+)
You are immune to negative energy. (rN+++)
You do not regenerate when monsters are visible.
You are immune to unholy pain and torment.
You can survive without breathing.


Message History

You eat one of the 8 chunks of flesh.
This raw flesh tastes great!
The orc warrior hits you with a +0 short sword.
* * * LOW HITPOINT WARNING * * *
Eat one of 7 chunks of flesh? (ye/n/q)
You eat one of the 7 chunks of flesh.
This raw flesh tastes great!
The orc warrior hits you with a +0 short sword!
* * * LOW HITPOINT WARNING * * *
Eat one of 6 chunks of flesh? (ye/n/q)
You eat one of the 6 chunks of flesh.
This raw flesh tastes great!
The orc warrior hits you with a +0 short sword!
* * * LOW HITPOINT WARNING * * *
Eat one of 5 chunks of flesh? (ye/n/q)
You eat one of the 5 chunks of flesh.
This raw flesh tastes great!
The orc warrior hits you with a +0 short sword!!
* * * LOW HITPOINT WARNING * * *
Unknown command.
Okay, then.
You feel better.
The orc warrior hits you with a +0 short sword!
You die...

#.....[..##.#..#....##.## #....#
##.......##.#.....#....####.##..
##......##...)....#........##.#
#......#####...#...##......#..
#......##..........##...#....#
#......#...........##...##...#
###...........................
##...#####..........##.........
#...## #....@.....##.........
###..## #...o......##.........
.##..# #############.........
.....# ########## .....# .#####
<# ##


You could see an orc warrior.

Vanquished Creatures
  Harold (D:6)
  A two-headed ogre (D:8)
  A hippogriff (D:8)
  A wyvern (D:6)
  5 orc warriors
  A black bear (D:8)
  2 ogres (D:7)
  A necrophage (D:8)
  2 centaurs (D:8)
  A big kobold (D:7)
  5 bullfrogs
  A wyvern skeleton (D:6)
  A scorpion (D:7)
  3 killer bees (D:8)
  2 howler monkeys (D:8)
  A crimson imp (D:5)
  2 jellies
  2 quasits
  A hound (D:6)
  5 orc wizards
  4 centaur skeletons
  10 orc priests
  Crazy Yiuf (D:7)
  2 iguanas
  4 worker ants
  A hound skeleton (D:8)
  A worker ant zombie (D:7)
  8 adders
  A shadow imp (D:7)
  An adder skeleton (D:6)
  3 worms
  2 dart slugs
  3 leopard geckos
  32 orcs
  3 giant cockroaches
  8 goblins
  8 hobgoblins
  10 jackals
  6 kobolds
  3 quokkas
  4 ball pythons
  9 bats
  3 frilled lizards
  A leopard gecko skeleton (D:4)
  7 rats
174 creatures vanquished.

Notes
Turn   | Place    | Note
-------+----------+-------------------------------------------
     0 | D:1      | Gunterle the Ghoul Earth Elementalist began the quest for
                  | the Orb.
     0 | D:1      | Reached XP level 1. HP: 14/14 MP: 2/2
   236 | D:1      | Reached XP level 2. HP: 20/20 MP: 0/3
   785 | D:1      | Reached skill level 4 in Earth Magic
   891 | D:1      | Reached XP level 3. HP: 20/26 MP: 5/5
  1418 | D:1      | Learned a level 3 spell: Stone Arrow
  1810 | D:2      | Reached XP level 4. HP: 33/33 MP: 3/6
  1883 | D:2      | Reached skill level 1 in Conjurations
  2249 | D:3      | Found a stormy altar of Qazlal.
  2266 | D:3      | Reached skill level 5 in Earth Magic
  2266 | D:3      | Reached XP level 5. HP: 38/38 MP: 3/7
  3055 | D:4      | Found a staircase to the Ecumenical Temple.
  3061 | Temple   | Entered the Ecumenical Temple
  3136 | Temple   | Became a worshipper of Vehumet
  3282 | D:4      | Learned a level 2 spell: Passwall
  3567 | D:5      | Entered Level 5 of the Dungeon
  3897 | D:5      | Reached XP level 6. HP: 35/45 MP: 6/9
  3982 | D:5      | Found a white marble altar of Elyvilon.
  4010 | D:5      | Found a sacrificial altar of Ru.
  4010 | D:5      | Found a burning altar of Makhleb.
  4155 | D:6      | Noticed an orc warrior
  4252 | D:6      | Reached * piety under Vehumet
  4252 | D:6      | Offered knowledge of Flame Tongue by Vehumet.
  4266 | D:6      | Reached skill level 6 in Earth Magic
  4414 | D:6      | Killed an orc warrior
  4414 | D:6      | Reached XP level 7. HP: 45/50 MP: 4/10
  4577 | D:6      | Noticed a wyvern
  4586 | D:6      | Killed a wyvern
  4586 | D:6      | Reached skill level 7 in Earth Magic
  4649 | D:6      | Reached XP level 8. HP: 49/57 MP: 12/12
  5276 | D:7      | Found a shattered altar of Ashenzari.
  5336 | D:7      | Learned a level 5 spell: Lee's Rapid Deconstruction
  5341 | D:7      | Learned a level 4 spell: Petrify
  5367 | D:7      | Noticed Harold
  5419 | D:6      | Killed Harold
  5419 | D:6      | Reached skill level 5 in Conjurations
  5419 | D:6      | Reached skill level 8 in Earth Magic
  5419 | D:6      | Reached XP level 9. HP: 20/62 MP: 3/14
  5585 | D:7      | Reached skill level 9 in Earth Magic
  5645 | D:7      | Found a runed translucent door.
  5646 | D:7      | Noticed Crazy Yiuf
  5651 | D:7      | Killed Crazy Yiuf
  5754 | D:7      | Found a roughly hewn altar of Beogh.
  5761 | D:7      | Offered knowledge of Magic Dart by Vehumet.
  5847 | D:7      | Reached ** piety under Vehumet
  6027 | D:7      | Reached skill level 5 in Spellcasting
  6131 | D:8      | Noticed a two-headed ogre
  6174 | D:8      | Killed a two-headed ogre
  6174 | D:8      | Reached skill level 10 in Earth Magic
  6174 | D:8      | Reached XP level 10. HP: 56/69 MP: 1/17
  6639 | D:8      | Offered knowledge of Static Discharge by Vehumet.
  6820 | D:8      | Found a hazy altar of Hepliaklqana.
  6867 | D:8      | Reached *** piety under Vehumet
  6934 | D:7      | HP: 1/69 [orc warrior/+0 short sword (18)]
  6935 | D:7      | Slain by an orc warrior

Skill      XL: |  1  2  3  4  5  6  7  8  9 |
---------------+----------------------------+-----
Spellcasting   | 2 3 4 5 |  5.8
Earth Magic    | 4 5 6 7 8 10 | 10.9
Conjurations   | 1 2 3 4 5 7 |  7.6
Dodging        | |  1.7
Stealth        | |  2.1
Transmutations | |  0.8

Action                   |  1- 3 |  4- 6 |  7- 9 | 10-12 || total
-------------------------+-------+-------+-------+-------++-------
Melee: Club              |    20 |       |       |       ||    20
       Unarmed           |     6 |       |       |       ||     6
       Whip              |    84 |       |       |       ||    84
       Spear             |    25 |    65 |       |       ||    90
       Short sword       |       |    30 |    41 |     6 ||    77
Throw: Tomahawk          |    11 |     9 |    13 |    11 ||    44
       Stone             |     1 |    18 |     2 |       ||    21
       Throwing net      |       |       |     1 |       ||     1
 Cast: Sandblast         |    23 |    96 |   103 |    49 ||   271
       Stone Arrow       |       |     3 |    33 |    24 ||    60
  Use: Scroll            |       |     6 |     3 |       ||     9
       Potion            |       |       |     2 |     1 ||     3
 Stab: Sleeping          |     3 |     1 |     2 |     1 ||     7
       Invisible         |       |       |     1 |       ||     1
  Eat: Chunk             |    15 |    18 |    23 |    20 ||    76
Armor: Robe              |    40 |    26 |     9 |    13 ||    88
Dodge: Dodged            |   118 |    97 |    49 |    16 ||   280
